 Dungeon Crawl Stone Soup version 0.31-a0-1074-g0b22e4e0f1 (webtiles) character file.

Game seed: 13039371624882640110

4923 Anonymone the Tainter (level 10, -5/63 HPs)
             Began as a Demonspawn Venom Mage on Dec 8, 2023.
             Was a Follower of Vehumet.
             Shot with an arrow by a centaur warrior (28 damage)
             ... on level 9 of the Dungeon.
             The game lasted 00:35:02 (10758 turns).

Anonymone the Tainter (Demonspawn Venom Mage)      Turns: 10758, Time: 00:35:03

Health: -5/63      AC: 11    Str:  9    XL:     10   Next: 27%
Magic:  13/16      EV: 12    Int: 20    God:    Vehumet [*.....]
Gold:   205        SH:  0    Dex: 14    Spells: 5/18 levels left

rFire   + . .        j - +8 rapier "Kevoder" {freeze, rN+ Will+}
rCold   . . .        (no shield)
rNeg    + . .        N - +0 steam dragon scales
rPois   +            (helmet restricted)
rElec   .            r - +0 cloak
rCorr   .            G - +0 pair of gloves
SInv    .            s - +0 pair of boots
Will    +....        (no amulet)
Stlth   ++           A - ring of protection from fire
HPRegen 0.30/turn    (no ring)
MPRegen 0.30/turn

%: no passive effects
@: radiating poison
A: yellow scales 1, magic regeneration, weakness stinger 2, antennae 1, fangs 1,
poison resistance
a: Renounce Religion


You were on level 9 of the Dungeon.
You worshipped Vehumet.
Vehumet was aware of your devotion.
You visited 2 branches of the dungeon, and saw 10 of its levels.
You also visited: Ossuary.

You collected 421 gold pieces.
You spent 216 gold pieces at shops.

Inventory:

Hand Weapons
 f - a +0 dagger
 j - the +8 rapier "Kevoder" (weapon) {freeze, rN+ Will+}
   (You found it on level 6 of the Dungeon)

   rN+:       It protects you from negative energy.
   Will+:     It increases your willpower.
 p - a +7 spear
 u - a +1 dagger of electrocution
 x - the +6 rapier of the Hungering Gods {heavy, rElec Will+ Str+3 Dex-3}
   (You bought it in a shop on level 2 of the Dungeon)

   Str+3:     It affects your strength (+3).
   Dex-3:     It affects your dexterity (-3).
   rElec:     It insulates you from electricity.
   Will+:     It increases your willpower.
 y - a +1 flail of venom
Missiles
 t - 2 throwing nets
Armour
 a - a +0 robe
 d - a +0 helmet
 n - a +0 leather armour
 r - a +0 cloak (worn)
 s - a +0 pair of boots (worn)
 v - a +2 kite shield
 w - an orb of guile
 z - a +0 chain mail of cold resistance
 G - a +0 pair of gloves (worn)
 L - +0 acid dragon scales
 N - +0 steam dragon scales (worn)
Jewellery
 A - a ring of protection from fire (left hand)
 J - a +6 ring of intelligence
Talismans
 I - a flux talisman
Wands
 c - a wand of charming (6)
 o - a wand of mindburst (9)
 F - a wand of iceblast (8)
Scrolls
 e - a scroll of fear
 g - 8 scrolls of teleportation
 h - 4 scrolls of vulnerability
 i - a scroll of noise {unknown}
 q - 10 scrolls of identify
 C - 5 scrolls of poison
 K - a scroll of amnesia {unknown}
 M - a scroll of revelation {unknown}
Potions
 b - a potion of heal wounds
 k - 2 potions of resistance
 l - 2 potions of might
 m - 2 potions of ambrosia
 B - 2 potions of haste
 D - 2 potions of curing
 E - 2 potions of cancellation
 H - a potion of lignification


   Skills:
 - Level 7.5 Short Blades
 - Level 4.2 Armour
 - Level 1.7 Dodging
 - Level 1.7 Stealth
 * Level 4.5 Spellcasting
 - Level 5.3 Conjurations
 - Level 0.8 Transmutations
 - Level 2.7 Air Magic
 - Level 4.1 Earth Magic
 - Level 8.0 Poison Magic


You had 5 spell levels left.
You knew the following spells:

 Your Spells              Type           Power      Damage    Failure   Level
a - Sting                 Tmut/Pois      88%        1d7       1%          1
b - Poisonous Vapours     Pois/Air       52%        N/A       1%          2
c - Mephitic Cloud        Conj/Pois/Air  25%        N/A       4%          3
d - Olgreb's Toxic Radia  Pois           36%        N/A       4%          4
e - Stone Arrow           Conj/Erth      46%        3d9       5%          3

Your spell library contained the following spells:

 Spells                   Type           Power      Damage    Failure   Level
 Kiss of Death            Conj/Necr      60%        2d10      4%          1
 Magic Dart               Conj           100%       1d8       1%          1
 Searing Ray              Conj           50%        2d6       1%          2
 Sandblast                Erth           40%        2d10      2%          1
 Momentum Strike          Conj/Tloc      30%        3d8       6%          2
 Passwall                 Tmut/Erth      11%        N/A       7%          2
 Dazzling Flash           Conj/Hex       30%        N/A       12%         3
 Brom's Barrelling Bould  Conj/Erth      23%        2d4       17%         4
 Blink                    Tloc           8%         N/A       19%         2
 Lesser Beckoning         Tloc           8%         N/A       19%         2
 Volatile Blastmotes      Fire/Tloc      8%         2d10      36%         3
 Fulminant Prism          Conj/Hex       7%         3d6       38%         4
 Summon Forest            Summ/Tloc      2%         N/A       98%         5
 Summon Mana Viper        Hex/Summ       4%         N/A       98%         5
 Starburst                Conj/Fire      7%         6d4       99%         6
 Simulacrum               Ice/Necr       2%         N/A       100%        6
 Summon Cactus Giant      Summ           2%         N/A       100%        6
 Ozocubu's Refrigeration  Ice            2%         4d7       100%        7
 Maxwell's Capacitive Co  Air            7%         ∞         100%        8
 Polar Vortex             Ice            2%         N/A       100%        9


Dungeon Overview and Level Annotations

Branches:
Dungeon (9/15)             Temple (1/1) D:4         Ossuary (visited)
   Lair: D:8-11         Orc: D:9-12

Altars:
Cheibriados
Dithmenos
Fedhas
Gozag
Hepliaklqana
Kikubaaqudgha
Makhleb
Nemelex Xobeh
Okawaru
Qazlal
Ru
Sif Muna
Trog
Uskayaw
Vehumet
Wu Jian
Xom
Yredelemnul

Shops:
D:2 ((   D:4 (   D:7 (

Annotations:
D:6 3 runed translucent doors, Sundig's ghost, novice HuFi


Innate Abilities, Weirdness & Mutations

You are partially covered in yellow scales. (AC +2)
You regenerate magic rapidly.
You have a tail ending in a sharp stinger.
You have a pair of small antennae on your head.
You have very sharp teeth.
Your system is resistant to poisons. (rPois)


Message History

The sting hits the killer bee.
The killer bee is poisoned.
The killer bee is moderately wounded.
The killer bee buzzes angrily.
The killer bee barely misses you.
The sting hits the killer bee!
The killer bee looks even sicker.
The killer bee is almost dead.
You kill the killer bee!
Vehumet accepts your kill.
You can't see any susceptible monsters within range! (Use Z to cast anyway.) Magic restored.
Found an escape hatch in the floor.
No target in view!
You see here a killer bee corpse.
You see here a killer bee corpse.
You see here a killer bee corpse.
Things that are here:
a killer bee corpse; a killer bee corpse You open the door.
There is an open door here.
You open the door.
There is an open door here.
You open the door. 3 howler monkeys come into view.
The howler monkey howls! x2
A centaur warrior comes into view.
Found a stone staircase leading down.
Unknown command.
Casting: Sting (safe; 1% risk of failure)
Confirm with . or Enter, or press ? or * to list all spells.
You begin to radiate toxic energy.
The howler monkey is poisoned. x3
The centaur warrior is poisoned.
The howler monkey looks even sicker. x2
The centaur warrior looks even sicker.
The centaur warrior wields a +0 orcbow.
The centaur warrior shoots an arrow.
The arrow hits you!!
The howler monkey hoots and howls with incredible vigour!
The howler monkey looks even sicker. x2; The centaur warrior shoots an arrow.
The arrow hits you!!
The howler monkey hoots and howls with incredible vigour! x2
The howler monkey looks even sicker.
The centaur warrior shoots an arrow.
The arrow hits you!!
You die...

#.......... ..c......
....... ..h.. ... #'#
#.# #.## #.@# #####+#
#####'## #......
#...#..# #......
#.>.##.#########......
#....#.##......'......
##...##'..######......
#....##†## #......
##....#†# #......
#.⌠..†.# #......


You could see a centaur warrior (very poisoned) and a howler monkey (very
poisoned, catching breath).

Vanquished Creatures
  3 yaks (D:9)
  2 steam dragons (D:8)
  Menkaure (D:6)
  An acid dragon (D:8)
  A water moccasin (D:7)
  3 black bears (D:5)
  An orc warrior (D:8)
  A sky beast (D:6)
  2 ogres
  2 centaurs
  A phantom (D:6)
  2 elf zombies (Ossuary)
  Blork the orc (D:5)
  4 bullfrogs
  A gnoll sergeant (D:4)
  5 scorpions
  8 wights
  13 killer bees
  A howler monkey (D:7)
  A centaur zombie (Ossuary)
  2 jellies (D:5)
  4 hounds
  2 human zombies (Ossuary)
  7 orc priests
  A gnoll bouda (D:5)
  11 iguanas
  4 sleepcaps
  3 orc wizards
  2 mummies (Ossuary)
  11 gnolls
  2 adders
  2 shadow imps
  An adder zombie (Ossuary)
  A worm (D:2)
  4 dart slugs
  23 orcs
  5 bats
  4 endoplasms
  4 giant cockroaches
  7 goblins
  8 hobgoblins
  5 jackals
  4 quokkas
  4 ball pythons
  3 frilled lizards (D:2)
  2 goblin zombies (Ossuary)
  5 hobgoblin zombies (Ossuary)
  3 jackal zombies (Ossuary)
  4 kobolds (D:1)
  13 kobold zombies (Ossuary)
  8 orc zombies (Ossuary)
  4 rats
  2 rat zombies (D:7)
219 creatures vanquished.

Notes
Turn   | Place    | Note
-------+----------+-------------------------------------------
     0 | D:1      | Anonymone the Demonspawn Venom Mage began the quest for the
                  | Orb.
     0 | D:1      | Reached XP level 1. HP: 13/13 MP: 3/3
   270 | D:1      | Gained mutation: You have a small tail. [demonic ancestry]
   270 | D:1      | Reached XP level 2. HP: 19/19 MP: 0/5
   428 | D:1      | Learned a level 2 spell: Poisonous Vapours
   715 | D:1      | Reached skill level 1 in Air Magic
  1040 | D:2      | Gained mutation: You regenerate magic rapidly. [demonic
                  | ancestry]
  1040 | D:2      | Reached XP level 3. HP: 19/24 MP: 2/6
  1044 | D:2      | Learned a level 3 spell: Mephitic Cloud
  1102 | D:2      | Found Jumaan's Weapon Shop.
  1230 | D:2      | Found Kyuw's Antique Weapon Emporium.
  1338 | D:2      | Reached skill level 1 in Conjurations
  1920 | D:3      | Found an ornate altar of the Wu Jian Council.
  2361 | D:3      | Reached XP level 4. HP: 30/30 MP: 2/7
  2784 | D:4      | Found a blossoming altar of Fedhas.
  2920 | D:4      | Gained mutation: You have a tail ending in a sharp stinger.
                  | [demonic ancestry]
  2920 | D:4      | Reached XP level 5. HP: 35/35 MP: 4/8
  3032 | D:4      | Noticed a water moccasin
  3043 | D:4      | Found a staircase to the Ecumenical Temple.
  3052 | Temple   | Entered the Ecumenical Temple
  3228 | D:4      | Found Anaiz's Weapon Shop.
  3329 | D:4      | Found an opulent altar of Gozag.
  3734 | D:4      | Reached skill level 5 in Conjurations
  3734 | D:4      | Reached XP level 6. HP: 41/41 MP: 1/9
  4092 | D:2      | Bought a smoking rapier for 216 gold pieces
  4092 | D:2      | Identified the +6 rapier of the Hungering Gods {heavy,
                  | rElec Will+ Str+3 Dex-3} (You bought it in a shop on level
                  | 2 of the Dungeon)
  4176 | D:5      | Entered Level 5 of the Dungeon
  4315 | D:4      | Found a burning altar of Makhleb.
  4514 | D:5      | Noticed Blork the orc
  4645 | D:5      | Reached skill level 1 in Short Blades
  4645 | D:5      | Reached skill level 4 in Poison Magic
  4702 | D:5      | Reached XP level 7. HP: 35/46 MP: 2/10
  4806 | D:5      | Reached skill level 5 in Poison Magic
  4811 | D:5      | Learned a level 4 spell: Olgreb's Toxic Radiance
  4911 | D:5      | Killed Blork the orc
  5046 | D:5      | Reached skill level 6 in Poison Magic
  5096 | D:5      | Reached XP level 8. HP: 51/52 MP: 3/11
  5161 | D:5      | Reached skill level 7 in Poison Magic
  5598 | D:5      | Reached skill level 8 in Poison Magic
  5896 | D:5      | Found a hide-covered altar of Uskayaw.
  6195 | D:6      | Identified the +8 rapier "Kevoder" {freeze, rN+ Will+}
  6616 | D:6      | Noticed Menkaure
  6667 | D:6      | Found a runed translucent gate.
  6667 | D:6      | Found a runed translucent gate.
  6667 | D:6      | Found a runed translucent gate.
  6667 | D:6      | Noticed Sundig's ghost (novice HuFi)
  6824 | D:7      | Learned a level 3 spell: Stone Arrow
  6837 | D:7      | Reached skill level 1 in Earth Magic
  6916 | D:7      | Found a sand-covered staircase.
  6931 | Ossuary  | Entered an ossuary
  7092 | Ossuary  | Reached XP level 9. HP: 31/57 MP: 15/15
  7588 | Ossuary  | Gained mutation: You passively dampen the noise of your
                  | surroundings. [potion of mutation]
  7588 | Ossuary  | Gained mutation: You are dopey. (Int -2) [potion of
                  | mutation]
  7588 | Ossuary  | Gained mutation: You have very sharp teeth. [potion of
                  | mutation]
  7589 | Ossuary  | Lost mutation: You are dopey. (Int -2) [potion of mutation]
  7589 | Ossuary  | Lost mutation: You passively dampen the noise of your
                  | surroundings. [potion of mutation]
  7589 | Ossuary  | Gained mutation: You have a pair of small antennae on your
                  | head. [potion of mutation]
  7589 | Ossuary  | Gained mutation: Your system is resistant to poisons.
                  | (rPois) [potion of mutation]
  8048 | D:7      | Found Vahudew's Antique Weapon Boutique.
  8596 | D:6      | Killed Menkaure
  9236 | D:6      | Reached skill level 5 in Short Blades
  9433 | D:6      | Found an iron altar of Okawaru.
  9916 | D:8      | Found a radiant altar of Vehumet.
 10033 | D:8      | Reached skill level 1 in Armour
 10033 | D:8      | Gained mutation: You are partially covered in yellow
                  | scales. (AC +2) [demonic ancestry]
 10033 | D:8      | Reached XP level 10. HP: 49/63 MP: 11/16
 10246 | D:8      | Found a sacrificial altar of Ru.
 10371 | D:8      | Became a worshipper of Vehumet
 10671 | D:9      | Reached * piety under Vehumet
 10671 | D:9      | Offered knowledge of Kiss of Death by Vehumet.
 10755 | D:9      | Noticed a centaur warrior
 10758 | D:9      | Shot with an arrow by a centaur warrior

Illustrated notes

Levels and vault maps discovered:
D:1:      dpeg_arrival_arbitrary_c, layout_basic
D:2:      layout_basic, serial_shops, nicolae_shop_bloodbath_and_beyond, shop,
          nicolae_the_louvre
D:3:      layout_loops_corners, amcnicky_altar_gilded
D:4:      layout_loops_ring, mainiacjoe_overflow_concentric_impassable,
          mainiacjoe_overflow_cross_hatched, lightli_temple_of_fire,
          minmay_temple_entry_tees, serial_shops, nicolae_shop_behind_doors,
          lightli_minifort
D:5:      minmay_chambers_of_threes, layout_cave_pools,
          mainiacjoe_overflow_alcove_4, chequers_garden, uniq_blork_the_orc
D:6:      layout_loops_ring, okawaru_ov_weapons_minmay, tso_altar,
          biasface_ghost_orc_armoury, uniq_menkaure
D:7:      layout_basic, serial_shops, shop, enter_ossuary_4, serial_park_tiny_2
D:8:      layout_cave_pools, lemuel_tele_altar, nicolae_ru_path_of_blood
D:9:      layout_roguey, david_lair_shrubbed, special_room [special_room_orc],
          eino_curves_02, grunt_ministairs_12
Temple:   nicolae_temple_ecumenical_triangle

Skill      XL: |  1  2  3  4  5  6  7  8  9 10 |
---------------+-------------------------------+-----
Air Magic      | 1 2 |  2.7
Conjurations   | 2 3 5 |  5.3
Short Blades   | 1 2 3 7 |  7.5
Poison Magic   | 4 6 8 |  8.0
Spellcasting   | 4 |  4.5
Earth Magic    | 2 4 |  4.1
Armour         | 1 4 |  4.2
Dodging        | |  1.7
Stealth        | |  1.7
Transmutations | |  0.8

Action                     |  1- 3 |  4- 6 |  7- 9 | 10-12 || total
---------------------------+-------+-------+-------+-------++-------
  Melee: Unarmed           |    15 |       |       |       ||    15
         Dagger            |    44 |    15 |       |       ||    59
         Tailslap          |     2 |     2 |    27 |     1 ||    32
         Rapier            |       |     9 |   188 |     4 ||   201
         Punch             |       |       |     2 |       ||     2
         Bite              |       |       |     5 |       ||     5
   Cast: Sting             |    93 |    48 |   190 |    10 ||   341
         Poisonous Vapours |     5 |    15 |    30 |       ||    50
         Mephitic Cloud    |       |     6 |     4 |     1 ||    11
         Olgreb's Toxic Ra |       |       |     5 |     5 ||    10
         Stone Arrow       |       |       |    31 |     5 ||    36
  Evoke: Wand              |       |     1 |       |       ||     1
    Use: Potion            |       |     6 |    10 |       ||    16
         Scroll            |       |     6 |     4 |     1 ||    11
   Stab: Sleeping          |       |       |     1 |       ||     1
 Armour: Robe              |    42 |    25 |   188 |       ||   255
         Acid dragon scale |       |       |     6 |       ||     6
         Steam dragon scal |       |       |       |    19 ||    19
  Dodge: Dodged            |    58 |    25 |   184 |    12 ||   279

Table legend: (Time is in decaauts)
 A = Elapsed time spent in this place.
 B = Non-inter-level travel time spent in this place.
 C = Inter-level travel time spent in this place.
 D = Time resting spent in this place.
 E = Time spent auto-exploring this place.
 F = Levels seen in this place.
 G = Mean time per level.
                   A        B        C        D        E       F      G
               +--------+--------+--------+--------+--------+-----+--------+
         Total |  10777 |   9818 |    959 |   1415 |   6486 |  11 |  979.7 |
       Dungeon |  10096 |   9153 |    943 |   1114 |   6375 |   9 | 1121.8 |
        Temple |     17 |      1 |     16 |      0 |      0 |   1 |   17.0 |
       Ossuary |    662 |    662 |      0 |    301 |    111 |   1 |  662.0 |
               +--------+--------+--------+--------+--------+-----+--------+

Top non-repeatable levels by time:
     D:5: 1856 daAuts
     D:4: 1657 daAuts
     D:6: 1519 daAuts
     D:2: 1075 daAuts
     D:7: 1072 daAuts
     D:3: 935 daAuts
     D:8: 817 daAuts
     D:1: 817 daAuts
 Ossuary: 662 daAuts
     D:9: 346 daAuts
  Temple: 17 daAuts
